 Dungeon Sprint DCSS version 0.21-a0-265-gb353147 (webtiles) character file.

4209 Kidiri the Eclecticist (level 10, -3/62 HPs)
             Began as a Deep Elf Fire Elementalist on Sept 12, 2017.
             Was the Champion of Vehumet.
             Slain by a killer bee (10 damage)
             ... in the Dungeon (Sprint III: "The Ten Rune Challenge").
             The game lasted 00:09:23 (1611 turns).

Kidiri the Eclecticist (Deep Elf Fire Elementalist) Turns: 1611, Time: 00:09:23

Health: -3/62      AC:  4    Str:  5    XL:     10   Next: 8%
Magic:  1/33       EV: 16    Int: 24    God:    Vehumet [******]
Gold:   46         SH:  0    Dex: 13    Spells: 16/43 levels left

rFire    . . .     SeeInvis .   k - +0 dagger
rCold    . . .     Gourm    .   (no shield)
rNeg     . . .     Faith    .   b - +2 robe {MR+}
rPois    .         Spirit   .   (helmet restricted)
rElec    .         Reflect  .   (no cloak)
rCorr    .         Harm     .   (no gloves)
MR       ++...     NoTele   +   (no boots)
Stlth    ++........             (no amulet)
HPRegen  0.20/turn              (no ring)
MPRegen  0.23/turn              (no ring)

@: lethally poisoned (-3 -> -4)
A: horns 1, clumsy 1, robust 1, sturdy frame 1
a: Renounce Religion


You were in the Dungeon.
You worshipped Vehumet.
Vehumet was exalted by your worship.
You were not hungry.

You visited 1 branch You collected 46 gold pieces.

Inventory:

Hand Weapons
 k - a +0 dagger (weapon)
Armour
 b - a +2 robe of magic resistance (worn)
Scrolls
 i - a scroll of blinking
 o - a scroll of remove curse
 r - a scroll of torment {unknown}
 s - a scroll of amnesia {unknown}
Potions
 e - 2 potions of heal wounds
 f - 2 potions of haste
 g - 2 potions of magic
 h - a potion of berserk rage
 l - a potion of brilliance {unknown}
 q - a potion of flight
Comestibles
 c - a bread ration
 p - a meat ration
 t - 2 royal jellies


   Skills:
 + Level 4.2 Fighting
 + Level 5.2 Short Blades
 + Level 4.3 Armour
 + Level 6.8 Dodging
 - Level 2.4 Stealth
 * Level 17.3 Spellcasting
 + Level 11.0 Conjurations
 + Level 11.3 Fire Magic
 + Level 5.3 Air Magic
 + Level 2.7 Earth Magic
 + Level 4.5 Poison Magic


You had 16 spell levels left.
You knew the following spells:

 Your Spells              Type           Power        Failure   Level  Hunger
a - Flame Tongue          Conj/Fire      #####        1%          1    None
b - Throw Flame           Conj/Fire      ######       1%          2    None
c - Conjure Flame         Conj/Fire      ######..     1%          3    None
d - Inner Flame           Hex/Fire       #####...     1%          3    None
e - Sticky Flame          Conj/Fire      ######..     1%          4    None
f - Fireball              Conj/Fire      ######....   1%          5    None
g - Bolt of Magma         Conj/Fire/Erth ######....   1%          5    None
h - Shock                 Conj/Air       ####         1%          1    None
i - Mephitic Cloud        Conj/Pois/Air  ######..     1%          3    None


Dungeon Overview and Level Annotations

Branches:
Dungeon (1/1)

Altars:
Cheibriados
Dithmenos
Elyvilon
Fedhas
Gozag
Hepliaklqana
Kikubaaqudgha
Makhleb
Nemelex Xobeh
Okawaru
Qazlal
Ru
Sif Muna
Trog
Uskayaw
Vehumet
Wu Jian
Xom
Yredelemnul
Zin
The Shining One
Beogh
Jiyva
Lugonu

Annotations:
D exclusion: door


Innate Abilities, Weirdness & Mutations

You have a pair of small horns on your head.
You are clumsy. (Dex -2)
You are robust. (+10% HP)
Your movements are slightly less encumbered by armour. (ER -2)


Message History

The killer bee stings you.
* * * LOW HITPOINT WARNING * * *
You feel sick. The killer bee barely misses you.
The killer bee completely misses you.
Things that are here:
a giant club x2
The killer bee completely misses you.
You feel sick. The killer bee closely misses you.
The killer bee closely misses you.
There is an open door here.
Casting: Sticky Flame
Confirm with . or Enter, or press ? or * to list all spells.
Aiming: Bolt of Magma
Press: ? - help, Shift-Dir - straight line, f - killer bee
Aim: a killer bee The bolt of magma misses the killer bee. x2
The killer bee stings you.
* * * LOW HITPOINT WARNING * * *
The killer bee stings you!
You die...

♣ ♣..#...#__.#[_#
♣♣♣♣.###+#+###+##
♣♣...#..........#
§§...')⌠........#
§§.♣.#...######'#
≈....#.⌠.#__#...#+###############
.....#...#__#...#....#.#.#.....#.
.....#+###__#...##.#..#.##)###y#.
.....#.:.#__#...@##)#.#.##.#y.##.
.....#___#__+...#yy)#..#.y##.y'yy
▓▓▓▓▓▓▓▓▓▓▓▓▓▓▓▓▓▓▓▓▓▓▓▓▓▓▓▓▓▓#y.
#y. +.. #.. ##+


You could see 2 killer bees.

Vanquished Creatures
  Erolcha (D)
  A deep elf mage (D)
  A queen bee (D)
  2 redbacks (D)
  A shadow (D)
  A spatial vortex (D)
  A necrophage (D)
  5 two-headed ogres (D)
  A water elemental (D)
  23 killer bees (D)
  A jelly (D)
  A wizard (D)
  Jessica (D)
  A necromancer (D)
  A kobold demonologist (D)
  3 humans (D)
  A phantom (D)
  2 rats (D)
48 creatures vanquished.

Vanquished Creatures (collateral kills)
  4 killer bees (D)
4 creatures vanquished.

Vanquished Creatures (others)
  2 draconian scorchers (D)
  6 hellions (D)
  2 yaktaurs (D)
  A killer bee (D)
11 creatures vanquished.

Grand Total: 63 creatures vanquished

Notes
Turn   | Place    | Note
-------+----------+-------------------------------------------
     0 | D        | Kidiri the Deep Elf Fire Elementalist began the quest for the Orb.
     0 | D        | Reached XP level 1. HP: 10/10 MP: 6/6
    17 | D        | Killed a yaktaur
    53 | D        | Noticed Jessica
    57 | D        | Killed Jessica
    57 | D        | Reached skill level 6 in Spellcasting
    57 | D        | Reached XP level 2. HP: 15/15 MP: 3/11
    61 | D        | Learned a level 2 spell: Throw Flame
    98 | D        | Killed a hellion
    98 | D        | Killed a hellion
   104 | D        | Killed a hellion
   105 | D        | Killed a hellion
   138 | D        | Reached XP level 3. HP: 19/19 MP: 9/12
   143 | D        | Learned a level 3 spell: Conjure Flame
   147 | D        | Learned a level 3 spell: Inner Flame
   156 | D        | Killed a hellion
   161 | D        | Killed a white draconian scorcher
   165 | D        | Gained mutation: You are partially covered in rugged brown scales. (AC +1, +3% HP) [potion of mutation]
   165 | D        | Gained mutation: You are partially covered in iridescent scales. (AC +2) [potion of mutation]
   165 | D        | Gained mutation: Your movements are slightly less encumbered by armour. (ER -2) [potion of mutation]
   166 | D        | Lost mutation: You are partially covered in rugged brown scales. (AC +1, +3% HP) [potion of mutation]
   166 | D        | Lost mutation: You are partially covered in iridescent scales. (AC +2) [potion of mutation]
   166 | D        | Gained mutation: Armour fits poorly on your strangely shaped body. [potion of mutation]
   166 | D        | Gained mutation: You have a pair of small antennae on your head. [potion of mutation]
   167 | D        | Lost mutation: Armour fits poorly on your strangely shaped body. [potion of mutation]
   167 | D        | Lost mutation: You have a pair of small antennae on your head. [potion of mutation]
   167 | D        | Gained mutation: You have a pair of small horns on your head. [potion of mutation]
   167 | D        | Gained mutation: You are clumsy. (Dex -2) [potion of mutation]
   167 | D        | Gained mutation: You are robust. (+10% HP) [potion of mutation]
   186 | D        | Reached skill level 7 in Spellcasting
   186 | D        | Reached skill level 5 in Fire Magic
   187 | D        | Killed a white draconian scorcher
   200 | D        | Killed a hellion
   242 | D        | Noticed a water elemental
   247 | D        | Killed a water elemental
   247 | D        | Reached skill level 9 in Spellcasting
   247 | D        | Reached skill level 5 in Conjurations
   247 | D        | Reached XP level 4. HP: 7/26 MP: 9/17
   253 | D        | Learned a level 4 spell: Sticky Flame
   476 | D        | Found a radiant altar of Vehumet.
   477 | D        | Found a deep blue altar of Sif Muna.
   477 | D        | Found an ancient bone altar of Kikubaaqudgha.
   477 | D        | Noticed a wizard
   480 | D        | Killed a wizard
   480 | D        | Reached XP level 5. HP: 8/30 MP: 14/19
   483 | D        | Reached skill level 10 in Spellcasting
   499 | D        | Learned a level 5 spell: Fireball
   505 | D        | Became a worshipper of Vehumet
   581 | D        | Killed a yaktaur
   744 | D        | Found a glowing silver altar of Zin.
   745 | D        | Found a glowing golden altar of the Shining One.
   745 | D        | Found a white marble altar of Elyvilon.
   745 | D        | Noticed a deep elf mage
   756 | D        | Killed a deep elf mage
   756 | D        | Reached skill level 13 in Spellcasting
   756 | D        | Reached XP level 6. HP: 35/35 MP: 14/24
   756 | D        | Reached XP level 7. HP: 39/39 MP: 15/26
   808 | D        | Found an ornate altar of the Wu Jian Council.
   808 | D        | Found a roughly hewn altar of Beogh.
   808 | D        | Found an iron altar of Okawaru.
   808 | D        | Found a bloodstained altar of Trog.
   808 | D        | Found a hide-covered altar of Uskayaw.
   808 | D        | Noticed a human
   808 | D        | Noticed a human
   812 | D        | Killed a human
   812 | D        | Reached skill level 14 in Spellcasting
   812 | D        | Killed a human
   812 | D        | Reached * piety under Vehumet
   812 | D        | Offered knowledge of Shock by Vehumet.
   812 | D        | Reached skill level 15 in Spellcasting
   906 | D        | Learned a level 1 spell: Shock
   910 | D        | Found a basalt altar of Yredelemnul.
   910 | D        | Found a shadowy altar of Dithmenos.
   910 | D        | Found a sacrificial altar of Ru.
   935 | D        | Noticed a shadow
   938 | D        | Killed a shadow
   938 | D        | Reached ** piety under Vehumet
   938 | D        | Offered knowledge of Freeze by Vehumet.
   938 | D        | Reached skill level 1 in Fighting
   938 | D        | Reached skill level 1 in Short Blades
   938 | D        | Reached skill level 1 in Armour
   938 | D        | Reached skill level 10 in Fire Magic
   938 | D        | Reached skill level 1 in Air Magic
   938 | D        | Reached XP level 8. HP: 45/47 MP: 19/29
   995 | D        | Found a blossoming altar of Fedhas.
   995 | D        | Found a stormy altar of Qazlal.
   995 | D        | Found a snail-covered altar of Cheibriados.
   995 | D        | Found a burning altar of Makhleb.
   995 | D        | Found a shimmering altar of Xom.
   996 | D        | Found a hazy altar of Hepliaklqana.
   996 | D        | Found an opulent altar of Gozag.
   996 | D        | Found a sparkling altar of Nemelex Xobeh.
   996 | D        | Found a corrupted altar of Lugonu.
   996 | D        | Found a viscous altar of Jiyva.
  1117 | D        | Offered knowledge of Mephitic Cloud by Vehumet.
  1117 | D        | Reached *** piety under Vehumet
  1122 | D        | Learned a level 3 spell: Mephitic Cloud
  1232 | D        | Noticed a two-headed ogre
  1238 | D        | Killed a two-headed ogre
  1238 | D        | Offered knowledge of Force Lance by Vehumet.
  1238 | D        | Reached skill level 1 in Poison Magic
  1371 | D        | Noticed a two-headed ogre
  1374 | D        | Noticed Erolcha
  1377 | D        | Reached skill level 16 in Spellcasting
  1377 | D        | Reached skill level 10 in Conjurations
  1380 | D        | Reached **** piety under Vehumet
  1380 | D        | Reached skill level 5 in Dodging
  1380 | D        | Reached XP level 9. HP: 24/53 MP: 17/31
  1391 | D        | Killed Erolcha
  1396 | D        | Killed a two-headed ogre
  1535 | D        | Noticed a queen bee
  1538 | D        | Offered knowledge of Bolt of Magma by Vehumet.
  1541 | D        | Reached ***** piety under Vehumet
  1548 | D        | Learned a level 5 spell: Bolt of Magma
  1549 | D        | Offered knowledge of Irradiate by Vehumet.
  1552 | D        | Reached skill level 17 in Spellcasting
  1552 | D        | Reached skill level 1 in Earth Magic
  1558 | D        | Killed a queen bee
  1558 | D        | Reached ****** piety under Vehumet
  1558 | D        | Reached skill level 5 in Short Blades
  1558 | D        | Reached skill level 5 in Air Magic
  1569 | D        | Reached XP level 10. HP: 48/61 MP: 5/33
  1611 | D        | Slain by a killer bee

Vault maps used:
D:        dungeon_sprint_mu

Skill      XL: |  1  2  3  4  5  6  7  8  9 10 |
---------------+-------------------------------+-----
Spellcasting   | 6 9 13 15 16 17 | 17.3
Conjurations   | 3 5 8 9 10 11 | 11.0
Fire Magic     | 4 5 6 8 10 11 | 11.3
Fighting       | 1 2 4 |  4.2
Short Blades   | 1 3 5 |  5.2
Armour         | 1 2 4 |  4.3
Dodging        | 3 5 6 |  6.8
Air Magic      | 1 3 5 |  5.3
Poison Magic   | 2 4 |  4.5
Earth Magic    | 2 |  2.7
Stealth        | |  2.4

Action                   |  1- 3 |  4- 6 |  7- 9 | 10-12 || total
-------------------------+-------+-------+-------+-------++-------
Melee: Dagger            |       |     1 |     5 |       ||     6
       Headbutt          |       |     1 |     1 |       ||     2
 Cast: Flame Tongue      |     9 |     3 |    44 |    10 ||    66
       Throw Flame       |     4 |       |     2 |     1 ||     7
       Conjure Flame     |     1 |       |     9 |       ||    10
       Sticky Flame      |       |     3 |    11 |     1 ||    15
       Fireball          |       |       |     5 |       ||     5
       Inner Flame       |       |       |    10 |       ||    10
       Mephitic Cloud    |       |       |     3 |       ||     3
       Bolt of Magma     |       |       |       |     1 ||     1
  Use: Potion            |     3 |       |     1 |       ||     4
       Scroll            |     3 |       |       |       ||     3
 Stab: Sleeping          |       |     1 |       |       ||     1
  Eat: Chunk             |       |       |     2 |       ||     2
Armor: Robe              |     1 |     1 |     1 |     1 ||     4
Dodge: Dodged            |     1 |     5 |    14 |    26 ||    46

Table legend:
 A = Spawn XP
 B = Non-spawn XP
 C = Spawn XP percentage of total XP
 D = Spawn monster count
 E = Non-spawn monster count
 F = Spawn count percentage of total count
 G = Total turns spent on level
                    A         B        C        D         E        F      G
               +---------+---------+-------+---------+---------+-------+---------
         Total |       0 |    6014 |   0.0 |       0 |      53 |   0.0 |  1611
               +---------+---------+-------+---------+---------+-------+---------
             D |       0 |    6014 |   0.0 |       0 |      53 |   0.0 |  1611
               +---------+---------+-------+---------+---------+-------+---------
